 Dungeon Crawl Stone Soup version 0.31.0-11-ge490571c62 (webtiles) character file.

Game seed: 17551806823611473008

5 RancidPinata the Sneak (level 1, 1/16 HPs)
             Began as an Octopode Delver on Feb 6, 2024.
             Quit the game on level 5 of the Dungeon.
             The game lasted 00:01:25 (195 turns).

RancidPinata the Sneak (Octopode Delver)             Turns: 195, Time: 00:01:26

Health: 1/16       AC:  1    Str: 11    XL:     1   Next: 80%
Magic:  1/1        EV: 13    Int: 12    God:
Gold:   11         SH:  0    Dex: 13    Spells: 0/0 levels left

rFire   . . .        a - +0 short sword
rCold   . . .        (no shield)
rNeg    . . .        (helmet restricted)
rPois   .            (no amulet)
rElec   .            (no ring)
rCorr   .            (no ring)
SInv    .            (no ring)
Will    .....        (no ring)
Stlth   ++++         (no ring)
HPRegen 0.22/turn    (no ring)
MPRegen 0.07/turn    (no ring)
                     (no ring)

%: no passive effects
@: lethally poisoned (1 -> -6)
A: almost no armour, amphibious, 8 rings, camouflage 1, gelatinous body 1,
(nimble swimmer 1), tentacles
a: no special abilities


You were on level 5 of the Dungeon.
You visited 1 branch of the dungeon, and saw 2 of its levels.

You collected 11 gold pieces.

Inventory:

Hand Weapons
 a - a +0 short sword (weapon)
Wands
 f - a wand of digging (3)
Scrolls
 b - a scroll of fog
 c - a scroll of revelation
 d - a scroll of fear
 g - a scroll of identify {unknown}
 h - a scroll of amnesia {unknown}
Potions
 e - a potion of haste


   Skills:
 + Level 3.1 Fighting
 + Level 2.1 Short Blades
 + Level 2.1 Dodging
 + Level 6.7 Stealth


You couldn't memorise any spells.
You didn't know any spells.
Your spell library was empty.

Dungeon Overview and Level Annotations

Branches:
Dungeon (6/15)
 Temple: D:4-7

Altars:


Innate Abilities, Weirdness & Mutations

You cannot wear most types of armour.
You are amphibious.
You can wear up to eight rings at the same time.
Your skin changes colour to match your surroundings (Stealth+).
Your rubbery body absorbs attacks. (AC +1, EV +1)
((You are camouflaged when in or above water. (Stealth+)))
You have tentacles for arms and can constrict up to eight enemies at once.


Message History

You hit the orc. You grab the orc.
The orc is moderately wounded.
You constrict the orc. The orc hits you with a +0 short sword.
You hit the orc but do no damage.
The orc is heavily wounded.
You constrict the orc, but do no damage.
The orc closely misses you.
You hit the orc but do no damage. You squeeze the orc.
You kill the orc!
You start resting.
HP restored.
g - a scroll labelled YNUUSKATIT
h - a scroll labelled OKYDAE CATZE An iguana comes into view.
A ribbon worm comes into view.
The ribbon worm bites you.
You barely miss the ribbon worm. You grab the ribbon worm.
You tentacle-slap the ribbon worm, but do no damage.
You constrict the ribbon worm. The ribbon worm barely misses you.
You hit the ribbon worm. Your squeeze misses the ribbon worm.
The ribbon worm is moderately wounded.
You constrict the ribbon worm. The ribbon worm barely misses you.
You completely miss the ribbon worm. You squeeze the ribbon worm!
The ribbon worm is severely wounded.
You constrict the ribbon worm. You hit the ribbon worm.
You kill the ribbon worm!
A sleepcap comes into view.
An adder comes into view. 2 killer bees come into view.
A killer bee comes into view.
The killer bee buzzes angrily.
You miss the killer bee. Your grab misses the killer bee.
Your squeeze misses the killer bee. The killer bee stings you!
Ouch! That really hurt!
The killer bee stings you!
* * * LOW HITPOINT WARNING * * *
You are lethally poisoned!
The killer bee poisons you!
Are you sure you want to abandon this character and quit the game? (Confirm with "yes".)

######### ##.......#
#########...####.#
..........#.# #.#
##.######...# #.#########.
##..######### #.#...y..yy.
..........>#####.#.#######.
.♣♣♣♣♣.###.##....#.# ♣♣
♣..##......@y.# ♣
♣♣.#####.###### ♣ ♣♣.# #.#
♣♣♣♣♣♣..# #.# .......## #.#
....##.# #.#
######.######.#
#####.........#
......###.##### .


You could see a killer bee.

Vanquished Creatures
  A ribbon worm (D:5)
  An orc (D:5)
2 creatures vanquished.

Notes
Turn   | Place    | Note
-------+----------+-------------------------------------------
     0 | D:5      | RancidPinata the Octopode Delver began the quest for the
                  | Orb.
     0 | D:5      | Reached XP level 1. HP: 16/16 MP: 1/1
     1 | D:6      | Noticed a scorpion
     1 | D:6      | Noticed a bullfrog
   129 | D:5      | Noticed an iguana
   153 | D:5      | Noticed a sleepcap
   188 | D:5      | Noticed a killer bee
   188 | D:5      | Noticed a killer bee
   189 | D:5      | Noticed a killer bee
   195 | D:5      | Quit the game

Illustrated notes

Levels and vault maps discovered:
D:5:      layout_loops_ring, gammafunk_ghost_hive, nrook_campfire
D:6:      layout_rooms, portal_sewer_entry_a, minmay_circle_x

Action                     || total
---------------------------++-------
  Melee: Short sword       ||    11
         Constrict         ||     2
         Tentacles         ||     2
         Punch             ||     1
 Armour: Skin              ||     6
  Dodge: Dodged            ||     4
